 Dungeon Crawl Stone Soup version 0.26-b1-32-g5d43845318 (webtiles) character file.

Game seed: 12561070581560549401

582 Borgoz the Cudgeller (level 7, -18/42 HPs)
             Began as a Gargoyle Gladiator on Jan 10, 2021.
             Demolished by an ogre
             ... wielding a +0 giant spiked club
              (30 damage)
             ... on level 4 of the Dungeon.
             The game lasted 00:06:42 (4387 turns).

Borgoz the Cudgeller (Gargoyle Gladiator)           Turns: 4387, Time: 00:06:43

Health: -18/42     AC: 11    Str: 18    XL:     7   Next: 36%
Magic:  7/7        EV: 13    Int:  8    God:
Gold:   312        SH:  0    Dex: 13    Spells: 6/6 levels left

rFire    . . .     SeeInvis .   a - +0 flail
rCold    . . .     Faith    .   (no shield)
rNeg     + + .     Spirit   .   p - +0 ring mail
rPois    ∞         Reflect  .   c - +0 helmet
rElec    +         Harm     .   r - scarf {+Inv}
rCorr    .         Rampage  .   (no gloves)
Will     .....                  (no boots)
Stlth    +.........             (no amulet)
HPRegen  0.14/turn              v - ring of positive energy
MPRegen  0.10/turn              (no ring)

@: no status effects
A: negative energy resistance 1, electricity resistance, unbreathing,
petrification resistance, miasma immunity, AC +4
a: Evoke Invisibility


You were on level 4 of the Dungeon.
You visited 1 branch of the dungeon, and saw 4 of its levels.
You also visited: Sewer.

You collected 312 gold pieces.

Inventory:

Hand Weapons
 a - a +0 flail (weapon)
Armour
 c - a +0 helmet (worn)
 p - a +0 ring mail (worn)
 r - a scarf of invisibility (worn)
Jewellery
 l - an uncursed ring of flight
 u - an uncursed ring of fire
 v - a ring of positive energy (left hand)
Scrolls
 b - 6 scrolls of teleportation {unknown}
 f - 5 scrolls of remove curse
 k - 2 scrolls of random uselessness {unknown}
 m - a scroll of enchant armour {unknown}
 n - 2 scrolls of amnesia {unknown}
 t - 2 scrolls of fog {unknown}
 w - a scroll of blinking {unknown}
Potions
 g - 3 potions of heal wounds {unknown}
 h - 2 potions of haste {unknown}
 i - 3 potions of curing
 o - a potion of attraction {unknown}
 q - 2 potions of might
 s - a potion of magic
 x - a potion of brilliance


   Skills:
 + Level 3.9 Fighting
 * Level 5.2 Maces & Flails
 - Level 1.7 Throwing
 + Level 2.8 Armour
 * Level 4.3 Dodging
 + Level 1.4 Evocations


You had 6 spell levels left.
You didn't know any spells.
Your spell library was empty.

Dungeon Overview and Level Annotations

Branches:
Dungeon (4/15)              Sewer (visited)
 Temple: D:4-7

Altars:
Ashenzari
Fedhas
Nemelex Xobeh


Innate Abilities, Weirdness & Mutations

You are resistant to torment.
Your stone body is resilient. (AC +4)
You are immune to poison.
You resist negative energy. (rN+)
You are resistant to electric shocks. (rElec)
You can survive without breathing.
You are immune to petrification.
You are immune to miasma.


Message History

You hit the ogre.
The ogre is moderately wounded.
The adder bites you but does no damage.
The ogre struggles against the net. x2
You hit the ogre.
The ogre is moderately wounded.
The adder bites you. The adder bites you but does no damage.
The ogre struggles against the net.
You strike the helpless ogre from behind!
You hit the ogre.
The ogre is heavily wounded.
The adder misses you.
The ogre struggles against the net.
The net rips apart, and the ogre comes free!
The adder bites you.
* * * LOW HITPOINT WARNING * * *
You hit the ogre.
The ogre is severely wounded.
The adder barely misses you.
The ogre hits you with a +0 giant spiked club!!
Ouch! That really hurt!
You die...

############
############..........##****
.......................>,,,*
############..........#,**,***
..#..,,,,,*#...$......#,**,,,*
..#.#****,*#....@S....#.#***,*
..#.# *,*#..?..O....#.# *,****
..#.# *,*#......(...#.# *,,,,,
..#.# #.#############.## *,,,,,
..#.# #......########..###*,,,,
..#.##########$............,,,,,,
[...†................[.#.##******
..#...$............)......#
#.########..###+###.#.#.#.##


You could see an ogre and an adder.

Vanquished Creatures
  2 ogres (D:4)
  2 hounds
  2 bullfrog skeletons
  Terence (D:3)
  2 worker ants
  9 adders
  3 river rats (Sewer)
  An ooze (D:3)
  2 worms
  2 dart slugs
  9 leopard geckos
  2 orcs (D:3)
  8 bats
  7 giant cockroaches
  8 goblins
  8 hobgoblins
  6 jackals
  10 kobolds
  A quokka (D:3)
  6 ball pythons
  9 frilled lizards
  A leopard gecko skeleton (D:4)
  12 rats
113 creatures vanquished.

Vanquished Creatures (others)
  A plant (D:2)
1 creature vanquished.

Grand Total: 114 creatures vanquished

Notes
Turn   | Place    | Note
-------+----------+-------------------------------------------
     0 | D:1      | Borgoz the Gargoyle Gladiator began the quest for the Orb.
     0 | D:1      | Reached XP level 1. HP: 12/12 MP: 1/1
   291 | D:1      | Reached XP level 2. HP: 17/17 MP: 2/2
   899 | D:1      | Reached XP level 3. HP: 22/22 MP: 3/3
  1105 | D:2      | Reached skill level 1 in Armour
  1241 | D:2      | Reached XP level 4. HP: 15/27 MP: 4/4
  1370 | D:2      | Found a blossoming altar of Fedhas.
  1432 | D:2      | Reached skill level 4 in Maces & Flails
  1652 | D:2      | Reached XP level 5. HP: 24/32 MP: 5/5
  2172 | D:3      | Noticed Terence
  2190 | D:3      | Killed Terence
  2298 | D:3      | Reached XP level 6. HP: 33/37 MP: 6/6
  3043 | D:4      | Found a broken altar of Ashenzari.
  3153 | D:4      | Found a sparkling altar of Nemelex Xobeh.
  3304 | D:4      | Reached skill level 1 in Evocations
  3309 | D:4      | Reached skill level 5 in Maces & Flails
  3309 | D:4      | Reached XP level 7. HP: 25/42 MP: 7/7
  3514 | D:4      | Found a glowing drain.
  3520 | Sewer    | Entered a sewer
  4387 | D:4      | Demolished by an ogre

Illustrated notes

Levels and vault maps discovered:
D:1:      giann_bridges, layout_basic
D:2:      layout_basic, fedhas_altar_1
D:3:      layout_loops_cross, uniq_terence
D:4:      layout_basic, nemelex_altar_shiori, lemuel_doored_altar,
          gup_sewer_entry_bubbles, ashenzari_altar_1

Skill      XL: |  1  2  3  4  5  6 |
---------------+-------------------+-----
Armour         | 1 2 |  2.8
Dodging        | 3 4 |  4.3
Maces & Flails | 4 5 |  5.2
Fighting       | 3 |  3.9
Evocations     | 1 |  1.4
Throwing       | |  1.7

Action                   |  1- 3 |  4- 6 |  7- 9 || total
-------------------------+-------+-------+-------++-------
Melee: Flail             |   114 |   240 |   123 ||   477
Throw: Throwing net      |       |       |     5 ||     5
Evoke: Wand              |       |       |     7 ||     7
  Use: Scroll            |     1 |       |     5 ||     6
 Stab: Held in net/web   |       |       |     3 ||     3
Armor: Leather armour    |    76 |    37 |       ||   113
       Ring mail         |       |    79 |    53 ||   132
Dodge: Dodged            |   101 |   201 |   105 ||   407
